 Dungeon Crawl Stone Soup version 0.20.0-10-g0535bb4 (webtiles) character file.

8332 Rrauwl the Cruncher (level 11, -4/81 HPs)
             Began as a Barachi Artificer on June 6, 2017.
             Slain by a hornet (8 damage)
             ... on level 9 of the Dungeon.
             The game lasted 00:48:15 (9758 turns).

Rrauwl the Cruncher (Barachi Artificer)             Turns: 9758, Time: 00:48:15

Health: -4/81      AC: 12    Str: 16    XL:     11   Next: 29%
Magic:  14/14      EV:  7    Int: 12    God:
Gold:   499        SH:  0    Dex: 13    Spells: 10/10 levels left

rFire    + + .     SeeInvis .   a - +7 quarterstaff (chaos)
rCold    + + .     Gourm    .   (shield currently unavailable)
rNeg     + + .     Faith    .   w - +1 chain mail {rF+}
rPois    +         Spirit   .   u - +0 helmet "Hiqel" {rElec rC+ rN+ rCorr}
rElec    +         Reflect  .   z - +0 cloak
rCorr    +         Harm     .   f - +0 pair of gloves
MR       .....     Clarity  +   (no boots)
Stlth    ..........             (no amulet)
Regen    0.3/turn               n - ring of positive energy
MPRegen  0.2/turn               (no ring)

@: confused, lethally poisoned (-4 -> -41), resistant, slowed, very slow
A: +LOS, swims, clarity, frail 1, slowness 1, strong legs 1
a: Hop


You were on level 9 of the Dungeon.
You were not hungry.

You visited 2 branches of the dungeon, and saw 10 of its levels.
You also visited: Sewer.

You collected 499 gold pieces.

Inventory:

Hand Weapons
 a - a +7 quarterstaff of chaos (weapon)
 b - a +2 hunting sling of flaming
Missiles
 m - 46 bolts
 o - 303 stones (quivered)
Armour
 f - a +0 pair of gloves (worn)
 u - the +0 helmet "Hiqel" (worn) {rElec rC+ rN+ rCorr}
   (You found it on level 6 of the Dungeon)

   It protects you from cold.
   It insulates you from electricity.
   It protects you from negative energy.
   It protects you from acid and corrosion.
 w - a +1 chain mail of fire resistance (worn)
 z - a +0 cloak (worn)
Magical Staves
 v - an uncursed staff of death
Jewellery
 n - a ring of positive energy (left hand)
Wands
 d - a wand of enslavement (13/24)
 e - a wand of random effects (6/48)
 x - a wand of paralysis (16/24)
Scrolls
 c - a scroll of remove curse
 h - a scroll of teleportation
 j - 2 scrolls of enchant armour
 t - 5 scrolls of identify
 y - 2 scrolls of blinking
 A - a scroll of fear
Potions
 p - a potion of brilliance
Books
 i - a book of Misfortune

   Spells                             Type                      Level
   a - Confusing Touch                Hexes                        1
   b - Confuse                        Hexes                        3
   c - Gell's Gravitas                Translocation                3
   d - Petrify                        Transmutation/Earth          4
   e - Metabolic Englaciation         Hexes/Ice                    5
   f - Yara's Violent Unravelling     Hexes/Transmutation          5
 l - a book of Necromancy

   Spells                             Type                      Level
   a - Pain                           Necromancy                   1
   b - Animate Skeleton               Necromancy                   1
   c - Vampiric Draining              Necromancy                   3
   d - Regeneration                   Charms/Necromancy            3
   e - Animate Dead                   Necromancy                   4
   f - Control Undead                 Necromancy                   4
 q - a book of Conjurations

   Spells                             Type                      Level
   a - Magic Dart                     Conjuration                  1
   b - Searing Ray                    Conjuration                  2
   c - Dazzling Spray                 Conjuration/Hexes            3
   d - Fulminant Prism                Conjuration/Hexes            4
   e - Force Lance                    Conjuration/Translocation    4
   f - Iskenderun's Mystic Blast      Conjuration                  4
Comestibles
 k - 4 bread rations
 B - 2 meat rations


   Skills:
 - Level 10.0 Fighting
   Level 1.1 Short Blades
 + Level 14.9 Staves
 - Level 2.0 Armour
 - Level 2.2 Dodging
 - Level 3.1 Stealth
 - Level 4.1 Evocations


You had 10 spell levels left.
You didn't know any spells.

Dungeon Overview and Level Annotations

Branches:
Dungeon (9/15)             Temple (1/1) D:6
   Lair: D:8-11         Orc: D:9-12

Altars:
Ashenzari
Cheibriados
Dithmenos
Elyvilon
Fedhas
Gozag
Hepliaklqana
Kikubaaqudgha
Makhleb
Nemelex Xobeh
Okawaru
Qazlal
Sif Muna
Trog
Uskayaw
Vehumet
Xom
Yredelemnul
Zin
The Shining One

Shops:
D:6 *   D:7 %

Annotations:
D:4 Edmund


Innate Abilities, Weirdness & Mutations

Shadows flee at your approach. (+LOS)
You can swim through water.
You cover ground slowly.
You can hop short distances.
You possess an exceptional clarity of mind.
You are frail. (-10% HP)


Message History

You are more poisoned.
You feel as though you will be slow longer.
* * * LOW HITPOINT WARNING * * *
You feel very sick. The hornet stings you!
* * * LOW HITPOINT WARNING * * *
You are more poisoned.
You feel as though you will be slow longer.
The hornet stings you.
* * * LOW HITPOINT WARNING * * *
The hornet stings you but does no damage.
You bump into the rock wall.
* * * LOW HITPOINT WARNING * * *
You feel very sick. The hornet stings you.
* * * LOW HITPOINT WARNING * * *
You are more poisoned.
You feel as though you will be slow longer.
The hornet stings you!
You die...

....# #..........#
##..# #..#####...#
#..# #..# #.### #..#
#..# #.# #..# #..#
#.# #..#####..# #.###
##.........# #...#
.........##### #.#.##
###########.#a##@#..#
#.#ay..#.# #.##..#.#
#.#.#..#.# ## ###.#.#
#.#.# #.#.# #.#.#
#.#.#


You could see a soldier ant and a hornet.

Vanquished Creatures
  3 two-headed ogres
  A cyclops (D:9)
  A hornet (D:9)
  2 hippogriffs (D:9)
  3 dream sheep (D:5)
  4 yaks
  2 hungry ghosts
  4 orc warriors (D:8)
  A porcupine (D:9)
  An ice beast (D:7)
  3 necrophages
  A black bear (D:9)
  3 ogres
  6 centaurs
  A crocodile (D:7)
  5 big kobolds
  Blork the orc (D:6)
  3 bullfrogs
  2 wyvern skeletons (D:9)
  A scorpion (D:8)
  9 killer bees (D:9)
  4 wights (D:8)
  An electric eel (D:9)
  3 crimson imps
  4 orc priests
  A gnoll shaman (D:8)
  4 hounds
  Crazy Yiuf (D:4)
  Natasha (thrice) (D:4)
  2 iguanas
  6 orc wizards
  12 worker ants
  2 worker ant zombies
  2 river rats
  10 adders
  2 shadow imps
  6 oozes
  2 adder skeletons
  An adder zombie (D:9)
  7 worms
  A dart slug (D:2)
  2 leopard geckos
  18 orcs
  7 ball pythons
  4 bats
  10 giant cockroaches
  16 goblins
  10 hobgoblins
  9 jackals
  20 kobolds
  3 quokkas
  4 frilled lizards
  A leopard gecko skeleton (D:8)
  8 rats
  A bush (D:6)
244 creatures vanquished.

Vanquished Creatures (others)
  2 dream sheep (D:5)
  A killer bee (D:9)
3 creatures vanquished.

Grand Total: 247 creatures vanquished

Notes
Turn   | Place    | Note
-------+----------+-------------------------------------------
     0 | D:1      | Rrauwl the Barachi Artificer began the quest for the Orb.
     0 | D:1      | Reached XP level 1. HP: 15/15 MP: 3/3
    34 | D:1      | Reached skill level 1 in Stealth
   215 | D:1      | Reached XP level 2. HP: 14/21 MP: 4/4
   639 | D:1      | Reached XP level 3. HP: 26/26 MP: 6/6
  1248 | D:2      | Reached XP level 4. HP: 33/34 MP: 7/7
  1794 | D:2      | Found a bloodstained altar of Trog.
  2086 | D:3      | Noticed a bullfrog
  2088 | D:3      | Killed a bullfrog
  2088 | D:3      | Reached XP level 5. HP: 42/42 MP: 8/8
  2093 | D:3      | Found a burning altar of Makhleb.
  3258 | D:4      | Reached skill level 1 in Armour
  3338 | D:4      | Noticed Natasha
  3346 | D:4      | Killed Natasha
  3346 | D:4      | Reached XP level 6. HP: 48/49 MP: 9/9
  3376 | D:4      | Found a runed door.
  3380 | D:4      | Noticed Crazy Yiuf
  3400 | D:4      | Killed Crazy Yiuf
  3798 | D:4      | Noticed Natasha
  3809 | D:4      | Killed Natasha
  3809 | D:4      | Reached skill level 5 in Fighting
  3868 | D:4      | Reached skill level 1 in Staves
  3873 | D:4      | Reached skill level 2 in Staves
  3915 | D:4      | Noticed Edmund
  3916 | D:4      | Gained mutation: You are frail. (-10% HP) [potion of mutation]
  3916 | D:4      | Gained mutation: You possess an exceptional clarity of mind. [potion of mutation]
  4123 | D:4      | Noticed Natasha
  4129 | D:4      | Killed Natasha
  4129 | D:4      | Reached XP level 7. HP: 41/51 MP: 10/10
  4159 | D:5      | Entered Level 5 of the Dungeon
  4282 | D:5      | Reached skill level 3 in Staves
  4829 | D:5      | Found a shimmering altar of Xom.
  4829 | D:5      | Noticed a dream sheep
  4829 | D:5      | Noticed a dream sheep
  4829 | D:5      | Noticed a dream sheep
  4829 | D:5      | Noticed a dream sheep
  4829 | D:5      | Noticed a dream sheep
  4831 | D:5      | Killed a dream sheep
  4831 | D:5      | Killed a dream sheep
  4831 | D:5      | Reached skill level 4 in Staves
  4831 | D:5      | Killed a dream sheep
  4831 | D:5      | Reached XP level 8. HP: 56/60 MP: 11/11
  4832 | D:5      | Killed a dream sheep
  4832 | D:5      | Reached skill level 5 in Staves
  4834 | D:5      | Killed a dream sheep
  4971 | D:6      | Found a staircase to the Ecumenical Temple.
  4993 | Temple   | Entered the Ecumenical Temple
  5228 | D:6      | Noticed Blork the orc
  5236 | D:6      | Killed Blork the orc
  5348 | D:6      | Reached skill level 6 in Staves
  5387 | D:6      | Found a glowing drain.
  5410 | Sewer    | Entered a sewer
  5861 | Sewer    | Reached skill level 7 in Staves
  5967 | D:6      | Found a burning altar of Makhleb.
  5970 | D:6      | Found Geirenex's Blasphemy Boutique.
  6094 | D:6      | Reached XP level 9. HP: 68/68 MP: 12/12
  6223 | D:6      | Got a distressingly furry helmet
  6234 | D:6      | Identified the +0 helmet "Hiqel" {rElec rC+ rN+ rCorr} (You found it on level 6 of the Dungeon)
  6845 | D:7      | Reached skill level 8 in Staves
  6847 | D:7      | Reached skill level 10 in Fighting
  7095 | D:7      | Found Cufeatat's Food Emporium.
  7121 | D:7      | Reached skill level 9 in Staves
  7298 | D:8      | Reached skill level 10 in Staves
  7346 | D:9      | Noticed a two-headed ogre
  7614 | D:8      | Noticed a two-headed ogre
  7624 | D:8      | Killed a two-headed ogre
  7624 | D:8      | Reached skill level 11 in Staves
  7624 | D:8      | Reached XP level 10. HP: 62/76 MP: 13/13
  7762 | D:8      | Noticed a two-headed ogre
  7769 | D:8      | Killed a two-headed ogre
  7769 | D:8      | Reached skill level 12 in Staves
  7800 | D:8      | Found a sparkling altar of Nemelex Xobeh.
  8137 | D:8      | Reached skill level 13 in Staves
  8846 | D:9      | Noticed a cyclops
  8875 | D:9      | Killed a cyclops
  8875 | D:9      | Reached skill level 14 in Staves
  8875 | D:9      | Reached XP level 11. HP: 69/81 MP: 14/14
  8968 | D:9      | Found a snail-covered altar of Cheibriados.
  8974 | D:9      | Found a hazy altar of Hepliaklqana.
  8977 | D:9      | Became a worshipper of Cheibriados the Contemplative
  9030 | D:9      | Was placed under penance by Cheibriados
  9031 | D:9      | Was forgiven by Cheibriados
  9055 | D:9      | Fell from the grace of Cheibriados
  9061 | D:9      | Killed a two-headed ogre
  9757 | D:9      | HP: 4/81 [hornet (3)]
  9758 | D:9      | Slain by a hornet

Skill      XL: |  1  2  3  4  5  6  7  8  9 10 |
---------------+-------------------------------+-----
Stealth        | 1 2 3 |  3.1
Evocations     | 4 |  4.1
Fighting       | 2 3 4 5 7 9 10 | 10.0
Armour         | 1 2 |  2.0
Staves         | 2 4 7 11 14 | 14.9
Short Blades   | |  1.1
Dodging        | |  2.2

Action                   |  1- 3 |  4- 6 |  7- 9 | 10-12 || total
-------------------------+-------+-------+-------+-------++-------
Melee: Short sword       |   133 |    21 |       |       ||   154
       Quarterstaff      |       |    13 |   286 |   240 ||   539
 Fire: Hunting sling     |    26 |   258 |    53 |       ||   337
 Abil: Hop               |       |     5 |     1 |     1 ||     7
Evoke: Wand              |       |     4 |    16 |     6 ||    26
  Use: Potion            |       |     6 |     4 |     8 ||    18
       Scroll            |       |       |     9 |     2 ||    11
 Stab: Petrified         |       |       |     2 |     2 ||     4
       Petrifying        |       |       |       |     2 ||     2
       Confused          |       |       |       |     1 ||     1
       Paralysed         |       |       |       |     1 ||     1
  Eat: Chunk             |     2 |     7 |     9 |     5 ||    23
       Bread ration      |       |     1 |       |     1 ||     2
       Royal jelly       |       |       |     1 |     2 ||     3
Armor: Leather armour    |    16 |       |       |       ||    16
       Ring mail         |    27 |    22 |       |       ||    49
       Chain mail        |       |    53 |   148 |   146 ||   347
Dodge: Dodged            |    99 |    60 |    87 |    78 ||   324
